Map: Disco Bloodbath LE

Players

SirThirst - Winner!

  • Race: Protoss Protoss
  • Spawn Location: 3:00

A.I. 1 (Harder)

  • Race: Zerg Zerg
  • Spawn Location: 9:00

VOD

Have the link to the VOD?

Description

There was an error parsing this replay. why

Time

  • Played on: Aug. 19, 2019, 6:03 a.m.
  • Length: 7:23
Show
View Real Time Build Order
Export as new Build Order

SirThirst Protoss - Winner!

Build Orders: 1 Gate Expand 

Get SALT Encoding   

  12  0:01  Probe  
  13  0:13  Probe  
  14  0:17  Pylon  
  14  0:25  Probe  
  15  0:36  Gateway, Probe  
  16  0:43  Assimilator  
  16  0:44  Probe  
  17  0:52  Probe  
  18  1:08  Probe  
  19  1:21  Nexus  
  19  1:24  Probe  
  20  1:33  Cybernetics Core, Probe  
  21  1:42  Pylon  
  21  1:48  Assimilator  
  21  1:53  Probe  
  22  2:05  Probe  
  23  2:10  Robotics Facility  
  23  2:14  Stalker  
  25  2:17  Probe  
  25  2:21  Pylon  
  26  2:25  Probe  
  27  2:33  Probe  
  27  2:43  Gateway, Probe  
  28  2:47  Probe  
  30  2:56  Probe  
  31  2:59  Probe  
  32  3:07  Immortal  
  32  3:11  Probe  
  32  3:12  Adept  
  39  3:20  Robotics Facility  
  39  3:26  Pylon, Probe  
  40  3:28  Probe  
  40  3:32  Adept  
  43  3:38  Pylon  
  47  3:48  Immortal  
  47  3:53  Stalker  
  49  4:02  Stalker  
  51  4:09  Immortal  
  55  4:13  Pylon  
  55  4:19  Probe  
  55  4:21  Probe  
  55  4:23  Stalker  
  59  4:32  Probe  
  59  4:33  Probe  
  61  4:40  Immortal  
  61  4:41  Stalker  
  67  4:53  Immortal  
  67  4:55  Zealot  
  67  4:57  Probe  
  67  4:59  Probe  
  75  5:07  Pylon  
  75  5:09  Gateway  
  75  5:13  Gateway  
  75  5:25  Immortal  
  79  5:33  Gateway  
  79  5:34  Gateway  
  79  5:40  Probe  
  79  5:41  Probe  
  81  5:46  Pylon  
  81  5:48  Pylon  
  81  5:53  Probe x2  
  81  5:56  Assimilator  
  83  5:59  Assimilator  
  75  6:05  Probe x2  
  71  6:13  Stalker x3  
  71  6:14  Stalker  
  75  6:20  Immortal  
  75  6:25  Pylon  
  79  6:31  Stalker  
  79  6:32  Stalker  
  81  6:48  Nexus  
Show
View Real Time Build Order
Export as new Build Order

A.I. 1 (Harder) Zerg 

Build Orders: 1 Base Baneling Bust, Pool First 

Get SALT Encoding   

  12  0:00  Drone  
  13  0:12  Overlord  
  13  0:16  Drone  
  14  0:30  Drone  
  14  0:31  Drone  
  16  0:42  Spawning Pool  
  16  0:44  Drone  
  16  0:49  Drone  
  17  0:51  Extractor  
  17  0:55  Drone  
  17  1:06  Overlord  
  17  1:30  Queen  
  17  1:31  Zergling x2  
  20  1:36  Roach Warren  
  20  1:38  Drone  
  20  1:40  Zergling x2  
  20  1:41  Extractor  
  20  1:49  Drone  
  21  2:00  Drone  
  22  2:10  Overlord  
  22  2:21  Drone  
  23  2:32  Roach  
  23  2:36  Drone  
  26  2:41  Overlord, Roach  
  28  2:49  Roach  
  30  2:58  Roach  
  32  3:06  Roach  
  32  3:11  Overlord  
  34  3:15  Roach  
  36  3:23  Roach  
  38  3:32  Roach  
  40  3:35  Overlord  
  40  3:41  Roach  
  42  3:49  Roach  
  42  3:50  Drone  
  42  3:54  Drone  
  46  4:00  Drone  
  47  4:10  Baneling Nest  
  47  4:11  Roach  
  47  4:12  Drone x2  
  50  4:18  Overlord  
  50  4:22  Drone  
  51  4:31  Evolution Chamber  
  51  4:33  Drone  
  51  4:43  Drone, Roach  
  54  4:51  Roach  
  56  5:00  Roach  
  58  5:55  Zergling x2  
  58  6:04  Zergling x2  
  58  6:06  Overlord  
  44  6:13  Roach  
  32  6:20  Zergling x2  
  32  6:25  Zergling x2  
  33  6:28  Zergling x2  
  30  6:46  Spawning Pool  
  27  6:48  Hatchery  
Tags
 
Add a new tag
Caveats
  • Supply blocks, unpowered buildings, or Contaminate may cause inaccurate times.
  • Supply counts are checked every 10 seconds.